 Dungeon Sprint DCSS version 0.28.0-53-g5a82cb258f (webtiles) character file.

Game seed: 15978826515653276215

5182 Zeld the Warrior (level 10, 0/94 (111) HPs)
             Began as a Minotaur Berserker on May 29, 2022.
             Was a High Priest of Trog.
             Slain by a spriggan defender
             ... wielding a +3 flail of draining
              (10 damage)
             ... in the Dungeon (Sprint IV: "Fedhas' Mad Dash").
             The game lasted 00:03:36 (5035 turns).

Zeld the Warrior (Minotaur Berserker)               Turns: 5035, Time: 00:03:37

HP:   0/94 (111)    AC:  3    Str: 25    XL:     10   Next: 34%
MP:   9/9           EV: 16    Int:  4    God:    Trog [*****.]
Gold: 89            SH:  0    Dex: 11    Spells: 9/9 levels left

rFire   . . .      SeeInvis .   a - +0 hand axe
rCold   . . .      Faith    .   (no shield)
rNeg    . . .      Spirit   .   b - +0 animal skin
rPois   .          Reflect  .   (helmet restricted)
rElec   .          Harm     .   (no cloak)
rCorr   .          Rampage  .   (no gloves)
Will    ++...      NoTele   +   (no boots)
Stlth   +.........              i - amulet of invisibility {+Inv}
HPRegen 1.25/turn               (no ring)
MPRegen 0.11/turn               (no ring)

@: strong-willed, on berserk cooldown, regenerating, slowed, heavily drained,
very slow
A: horns 2, retaliatory headbutt
a: Renounce Religion, Evoke Invisibility, Berserk, Trog's Hand, Brothers in Arms


You were in the Dungeon.
You worshipped Trog.
Trog was extremely pleased with you.
You visited 1 branch You collected 203 gold pieces.
You spent 114 gold pieces at shops.

Inventory:

Hand Weapons
 a - a +0 hand axe (weapon)
Armour
 b - a +0 animal skin (worn)
Jewellery
 i - the amulet of invisibility (around neck) {+Inv}
   (You found it in the Dungeon)

   [amulet of nothing]

   +Inv:      It lets you turn invisible.
 k - a ring of protection from fire
Scrolls
 h - a scroll of blinking
 j - 5 scrolls of identify
Potions
 c - a potion of curing
 d - 2 potions of heal wounds
 e - a potion of haste
 f - 2 potions of magic
 g - a potion of berserk rage


   Skills:
 * Level 17.3 Fighting
 * Level 17.2 Axes
 + Level 12.3 Armour
 + Level 11.2 Dodging


You had 9 spell levels left.
You didn't know any spells.
Your spell library was empty.

Dungeon Overview and Level Annotations

Branches:
Dungeon (1/1)

Altars:
Cheibriados
Dithmenos
Elyvilon
Gozag
Hepliaklqana
Kikubaaqudgha
Makhleb
Nemelex Xobeh
Okawaru
Qazlal
Ru
Sif Muna
Trog
Uskayaw
Vehumet
Wu Jian
Xom
Yredelemnul
Zin
The Shining One
Beogh
Jiyva
Lugonu

Shops:
D ?*!![?

Annotations:
D exclusion: 2 oklob plants


Innate Abilities, Weirdness & Mutations

You have a pair of horns on your head.
You reflexively headbutt those who attack you in melee.


Message History

What are your orders? t - Shout!
Orders for allies: a - Attack new target. r - Retreat! s - Stop attacking. g - Guard the area. f - Follow me.
Anything else - Cancel.
Gang up on whom?
Press: ? - help, Dir - move target, f - spriggan defender
Aim: a spriggan defender, wielding a +3 flail of draining, wearing a +0 robe and wearing a +0 buckler (ally target) Attack!
Unknown command.
Your skin crawls.
You feel strong-willed.
The spriggan defender hits you with a +3 flail of draining!!
You feel drained.
The spriggan defender blocks your ogre's attack.
The spriggan defender hits you with a +3 flail of draining!
You feel drained.
The spriggan defender hits you with a +3 flail of draining!!
You feel drained.
Your ogre rages.
The spriggan defender closely misses you.
You swap places.
Something barely misses your ogre. Something hits your ogre!!
Something hits your ogre! Something drains your ogre.
Your ogre dies!
Your ogre's corpse disappears in a puff of smoke!
Okay, then.
The spriggan defender misses you. You furiously retaliate!
You headbutt the spriggan defender!
The spriggan defender barely misses you.
You don't have any unidentified items.
Unknown command.
Blink to where?
Press: ? - help, Dir - move target, p - spriggan defender
As you read the scroll of blinking, it crumbles to dust.
You fail to use your ability.
The spriggan defender hits you with a +3 flail of draining!!
* * * LOW HITPOINT WARNING * * *
You feel drained.
You die...

################################
..#.⌠._._._._.⌠.#.[)...#....##∩#
).'.._._._._._..'.)#...#....'()#
..#..._._._._...#..###'##.(.##∩#
'##.._._._._._..#.)##∩∩.'...####
..#._._._._._.⌠.#############
..###################..P.?
###♣♣♣♣♣..♣.###.@..+.....(
)'......♣..♣##:.#i)#.P....
.#♣..♣♣♣.♣).###.##'# .P.P.
.#.♣♣..♣...♣'...#♣)♣######
#################)....####
#..♣..♣....### #...♣......♣...♣#
......♣.....∩.∩...
##################


You could see a spriggan defender.

Vanquished Creatures
  Agnes (D)
  A spriggan berserker (D)
  A spriggan druid (D)
  3 oklob plants (D)
  A queen bee (D)
  2 burning bushes (D)
  A hornet (D)
  3 scorpions (D)
  4 killer bees (D)
  2 wandering mushrooms (D)
  5 oklob saplings (D)
  2 spriggans (D)
  A river rat (D)
  A rat (D)
  A ballistomycete spore (D)
29 creatures vanquished.

Vanquished Creatures (collateral kills)
  A wandering mushroom (D)
  A burning bush (D)
2 creatures vanquished.

Vanquished Creatures (others)
  A bush (D)
  A fungus (D)
2 creatures vanquished.

Grand Total: 33 creatures vanquished

Notes
Turn   | Place    | Note
-------+----------+-------------------------------------------
     0 | D        | Zeld the Minotaur Berserker began the quest for the Orb.
     0 | D        | Reached XP level 1. HP: 19/19 MP: 0/0
    12 | D        | Reached XP level 2. HP: 16/28 MP: 1/1
   292 | D        | Noticed an oklob sapling
   293 | D        | Killed an oklob sapling
   293 | D        | Reached ** piety under Trog
   294 | D        | Reached skill level 5 in Fighting
   294 | D        | Reached skill level 5 in Axes
   294 | D        | Reached XP level 3. HP: 37/37 MP: 2/2
   336 | D        | Noticed a scorpion
   336 | D        | Found the amulet of invisibility {+Inv}
   341 | D        | Killed a scorpion
   342 | D        | Reached XP level 4. HP: 25/47 MP: 3/3
   730 | D        | Reached skill level 5 in Armour
   757 | D        | Found an opulent altar of Gozag.
   757 | D        | Found a hazy altar of Hepliaklqana.
   757 | D        | Found a burning altar of Makhleb.
   757 | D        | Found a sparkling altar of Nemelex Xobeh.
   757 | D        | Found a snail-covered altar of Cheibriados.
   757 | D        | Found a sacrificial altar of Ru.
   757 | D        | Found a shimmering blue altar of Sif Muna.
   757 | D        | Found a shimmering altar of Xom.
   757 | D        | Found a basalt altar of Yredelemnul.
   758 | D        | Found a viscous altar of Jiyva.
   758 | D        | Found a bloodstained altar of Trog.
   758 | D        | Found an ornate altar of the Wu Jian Council.
   759 | D        | Found an iron altar of Okawaru.
   759 | D        | Found a shadowy altar of Dithmenos.
   759 | D        | Found a glowing silver altar of Zin.
   760 | D        | Found an ancient bone altar of Kikubaaqudgha.
   760 | D        | Found a hide-covered altar of Uskayaw.
   761 | D        | Found a stormy altar of Qazlal.
   761 | D        | Found a white marble altar of Elyvilon.
   761 | D        | Found a glowing golden altar of the Shining One.
   762 | D        | Found a corrupted altar of Lugonu.
   762 | D        | Found a radiant altar of Vehumet.
   771 | D        | Reached skill level 5 in Dodging
   771 | D        | Reached XP level 5. HP: 40/55 MP: 2/4
  1024 | D        | Reached *** piety under Trog
  1306 | D        | Reached XP level 6. HP: 66/66 MP: 5/5
  1594 | D        | Found Urghy's General Store.
  1594 | D        | Found Guchefeu's Magic Scroll Emporium.
  1597 | D        | Bought 3 scrolls of identify for 66 gold pieces
  1597 | D        | Bought a scroll of identify for 22 gold pieces
  1598 | D        | Bought a scroll of identify for 26 gold pieces
  1761 | D        | Noticed a burning bush
  1761 | D        | Noticed a wandering mushroom
  1762 | D        | Noticed a wandering mushroom
  1773 | D        | Reached skill level 10 in Fighting
  1773 | D        | Reached skill level 10 in Axes
  2053 | D        | Killed a wandering mushroom
  2053 | D        | Reached **** piety under Trog
  2054 | D        | Reached XP level 7. HP: 57/74 MP: 6/6
  2211 | D        | Killed a burning bush
  2341 | D        | Found Xeinlat's Magic Scroll Emporium.
  2341 | D        | Found Pihip's Antique Armour Shoppe.
  2385 | D        | Noticed a queen bee
  2401 | D        | Killed a queen bee
  2402 | D        | Reached XP level 8. HP: 86/86 MP: 7/7
  2701 | D        | Noticed an oklob plant
  2912 | D        | HP: 3/86 [oklob plant/splash of acid (20)]
  2918 | D        | Killed an oklob plant
  2918 | D        | Reached ***** piety under Trog
  3258 | D        | Noticed a burning bush
  3277 | D        | Killed a burning bush
  3278 | D        | Reached skill level 10 in Armour
  3405 | D        | Noticed a burning bush
  3405 | D        | Noticed an oklob plant
  3408 | D        | Noticed a wandering mushroom
  3634 | D        | Killed a wandering mushroom
  3635 | D        | Reached XP level 9. HP: 96/96 MP: 5/8
  3636 | D        | Killed a burning bush
  3674 | D        | Killed an oklob plant
  3675 | D        | Reached skill level 15 in Fighting
  3675 | D        | Reached skill level 15 in Axes
  3685 | D        | Identified the +7 dagger "Juczad" {vamp, rElec Int+4}
  3824 | D        | Noticed a spriggan druid
  3835 | D        | Killed a spriggan druid
  3836 | D        | Reached skill level 10 in Dodging
  4180 | D        | Noticed an oklob plant conjurer
  4183 | D        | Killed an oklob plant conjurer
  4411 | D        | Noticed an oklob plant
  4411 | D        | Noticed an oklob plant summoner
  4414 | D        | Noticed Agnes
  4423 | D        | HP: 5/150 [Agnes/+2 vampiric lajatang (30)]
  4427 | D        | Killed Agnes
  4427 | D        | Received a gift from Trog
  4428 | D        | Reached XP level 10. HP: 6/111 MP: 9/9
  5008 | D        | Found Zoyh's Distillery.
  5008 | D        | Noticed a spriggan berserker
  5020 | D        | Killed a spriggan berserker
  5022 | D        | Found Gesiefax's Distillery.
  5025 | D        | Noticed a spriggan defender
  5035 | D        | Slain by a spriggan defender

Illustrated notes

Levels and vault maps discovered:
D:        dungeon_sprint_fedhas [sprint_temple]

Skill      XL: |  1  2  3  4  5  6  7  8  9 10 |
---------------+-------------------------------+-----
Fighting       | 4 5 7 8 9 11 13 14 17 | 17.3
Axes           | 4 5 6 8 9 11 12 14 16 17 | 17.2
Armour         | 3 4 5 6 7 9 10 12 | 12.3
Dodging        | 3 4 5 6 8 9 11 | 11.2

Action                   |  1- 3 |  4- 6 |  7- 9 | 10-12 || total
-------------------------+-------+-------+-------+-------++-------
Melee: Hand axe          |    10 |    41 |    96 |     9 ||   156
       Headbutt          |     2 |     9 |    27 |       ||    38
       Punch             |       |       |     1 |       ||     1
Invok: Berserk           |     2 |     5 |     6 |     1 ||    14
       Trog's Hand       |       |       |     1 |     1 ||     2
       Brothers in Arms  |       |       |     1 |     1 ||     2
 Abil: Evoke Invisibilit |       |     3 |     4 |       ||     7
  Use: Scroll            |       |       |       |     1 ||     1
 Stab: Invisible         |       |     3 |     5 |       ||     8
Armor: Animal skin       |       |     1 |     1 |       ||     2
Dodge: Dodged            |     6 |    12 |    21 |     6 ||    45
